 Dungeon Crawl Stone Soup version 0.21-a0-29-g43b3074 (webtiles) character file.

139 nikopol the Chiller (level 5, -5/36 HPs)
             Began as a Merfolk Ice Elementalist on May 26, 2017.
             Slain by a gnoll
             ... wielding a +0 spear
              (9 damage)
             ... on level 3 of the Dungeon.
             The game lasted 00:14:59 (2747 turns).

nikopol the Chiller (Merfolk Ice Elementalist)      Turns: 2747, Time: 00:15:00

Health: -5/36      AC:  2    Str:  8    XL:     5   Next: 22%
Magic:  4/9        EV: 13    Int: 16    God:
Gold:   153        SH:  0    Dex: 14    Spells: 7/10 levels left

rFire    . . .     SeeInvis .   v - +0 trident (curse)
rCold    . . .     Gourm    .   (no shield)
rNeg     . . .     Faith    .   a - +0 robe
rPois    .         Spirit   .   (no helmet)
rElec    .         Reflect  .   (no cloak)
rCorr    .         Harm     .   (no gloves)
MR       .....                  (no boots)
Stlth    ++........             (no amulet)
Regen    0.2/turn               (no ring)
MPRegen  0.2/turn               (no ring)

@: no status effects
A: change form in water, swift swim, stealthy swim
a: no special abilities


You were on level 3 of the Dungeon.
You were not hungry.

You visited 1 branch of the dungeon, and saw 3 of its levels.

You collected 153 gold pieces.

Inventory:

Hand Weapons
 k - a +0 dagger of draining
 v - a cursed +0 trident (weapon)
 w - a cursed -3 flail
Armour
 a - a +0 robe (worn)
 l - cursed +0 pearl dragon scales
Jewellery
 t - a +3 ring of evasion {unknown}
Scrolls
 f - 2 scrolls of noise {unknown}
 i - a scroll of recharging {unknown}
 j - 6 scrolls of identify {unknown}
 q - a scroll of teleportation {unknown}
Potions
 e - 3 potions of mutation {unknown}
 g - a potion of resistance {unknown}
 h - a potion of heal wounds {unknown}
 n - a potion of haste {unknown}
 o - a potion of curing {unknown}
 p - a potion of agility {unknown}
 s - a potion of flight {unknown}
Books
 b - a book of Frost

   Spells                             Type                      Level
   a - Freeze                         Ice                          1
   b - Throw Frost                    Conjuration/Ice              2
   c - Ozocubu's Armour               Charms/Ice                   3
   d - Throw Icicle                   Conjuration/Ice              4
   e - Summon Ice Beast               Ice/Summoning                4
Comestibles
 c - a bread ration
 d - 10 fruits
 m - a royal jelly
 r - 2 meat rations
 u - 5 chunks of flesh


   Skills:
 + Level 0.4 Fighting
 * Level 0.8 Polearms
 + Level 3.1 Dodging
 + Level 2.6 Stealth
 + Level 3.1 Spellcasting
 + Level 0.7 Conjurations
 + Level 5.0 Ice Magic


You had 7 spell levels left.
You knew the following spells:

 Your Spells              Type           Power        Failure   Level  Hunger
a - Freeze                Ice            ###.         2%          1    None
b - Throw Frost           Conj/Ice       ##....       9%          2    ##.....


Dungeon Overview and Level Annotations

Branches:
Dungeon (3/15)

Altars:


Message History

Aiming: Freeze
Press: ? - help, Shift-Dir - straight line, f/p - gnoll
Aim: a gnoll, wielding a club (severely wounded)
You freeze the gnoll.
You kill the gnoll!
The gnoll hits you from afar with a spear!
Casting: Freeze
Confirm with . or Enter, or press ? or * to list all spells.
Aiming: Freeze
Press: ? - help, Shift-Dir - straight line, f - gnoll
Aim: a gnoll (severely wounded)
You freeze the gnoll.
You kill the gnoll!
Your Ice Magic skill increases to level 5!
The gnoll hits you from afar with a spear!
* * * LOW HITPOINT WARNING * * *
There is an open door here.
There is a stone staircase leading up here.
The gnoll hits you from afar with a spear!
You die...

#.. #.##########
#...........
#.......############
#.......÷..........#
#........#########.#
######....).)......#
###.###....####
#.#@..†..####.
#.##.g........
#.##.#g#######
#....#.# ######.#
#g# #.# #)#
#...gg...


You could see 2 gnolls.

Vanquished Creatures
  3 adders (D:2)
  2 gnolls (D:3)
  An ooze (D:2)
  A worm (D:2)
  2 dart slugs
  5 leopard geckos
  5 orcs (D:3)
  5 giant cockroaches
  10 goblins
  9 hobgoblins
  3 quokkas (D:2)
  6 bats
  2 frilled lizards (D:1)
  8 kobolds
  9 rats
71 creatures vanquished.

Vanquished Creatures (others)
  A plant (D:1)
1 creature vanquished.

Grand Total: 72 creatures vanquished

Notes
Turn   | Place    | Note
-------+----------+-------------------------------------------
     0 | D:1      | nikopol the Merfolk Ice Elementalist began the quest for the Orb.
     0 | D:1      | Reached XP level 1. HP: 13/13 MP: 3/3
   191 | D:1      | Reached XP level 2. HP: 18/19 MP: 0/5
   525 | D:1      | Reached skill level 4 in Ice Magic
   899 | D:1      | Reached XP level 3. HP: 24/24 MP: 4/6
  1479 | D:2      | Reached XP level 4. HP: 31/31 MP: 3/7
  2067 | D:2      | Learned a level 2 spell: Throw Frost
  2592 | D:3      | Reached XP level 5. HP: 29/36 MP: 0/9
  2739 | D:3      | Reached skill level 5 in Ice Magic
  2747 | D:3      | Slain by a gnoll

Vault maps used:
D:1:      dpeg_arrival_orchard, lexackson_kobold_supper
D:2:      serial_co_window_serial, co_window_corner_a,
          co_window_of_opportunity_a, co_window_paths_b, co_window_corner_a,
          co_window_corner_a, co_window_corner_b, co_window_unsneaky_path_b,
          co_window_2corner, co_window_broadway_a, glass_columns_a,
          minmay_pentomino_r4
D:3:      lemuel_coloured_pillars_altar, gammafunk_temple_overflow_elements,
          chequers_ecumenical_altar_simple_redux, first_bread

Skill      XL: |  1  2  3  4  5 |
---------------+----------------+-----
Ice Magic      | 4 5 |  5.0
Dodging        | 3 |  3.1
Spellcasting   | 3 |  3.1
Fighting       | |  0.4
Polearms       | |  0.8
Stealth        | |  2.6
Conjurations   | |  0.7

Action                   |  1- 3 |  4- 6 || total
-------------------------+-------+-------++-------
Melee: Unarmed           |    19 |     2 ||    21
       Dagger            |       |     8 ||     8
       Trident           |       |     2 ||     2
 Cast: Freeze            |    55 |    61 ||   116
       Throw Frost       |       |     7 ||     7
  Eat: Chunk             |     2 |     5 ||     7
Armor: Robe              |    14 |     6 ||    20
Dodge: Dodged            |    49 |    32 ||    81
